 Dungeon Sprint DCSS version 0.29.1-1-gd02db6906a (webtiles) character file.

Game seed: 6959760341367242067

24600000 Ofeo the Axe Maniac (level 27, -106/228 HPs)
             Began as a Djinni Warper on Sept 17, 2022.
             Was the Champion of Makhleb.
             Killed by dispel undead
             ... invoked by a wretched soul
              (109 damage)
             ... in the Dungeon (Sprint VIII: "Arena of Blood").
             The game lasted 00:05:49 (246 turns).

Ofeo the Axe Maniac (Djinni Warper)                  Turns: 246, Time: 00:05:49

Health: -106/228   AC: 12    Str: 10    XL:     27
Gold:   0          EV: 28    Int: 25    God:    Makhleb [******] SH:  0 Dex: 17

rFire   + + .      SeeInvis +   d - +∞ Axe of Woe
rCold   . . .      Faith    .   (shield currently unavailable)
rNeg    + + +      Spirit   .   a - +0 leather armour
rPois   ∞          Reflect  .   (no helmet)
rElec   .          Harm     .   (no cloak)
rCorr   .          Rampage  .   (no gloves)
Will    +++..      NoTele   +   (boots unavailable)
Stlth   +++.......              (no amulet)
HPRegen 0.48/turn               e - ring of see invisible
MPRegen 0.00/turn               (no ring)

@: lich-form, flying, slowed, very slow
A: draining attack, torment immunity, no potions, flying, sickness immunity,
fire resistance 2, cold vulnerability 1, float, innate caster, HP casting, extra
vitality 1
0: Orb of Zot
a: End Transformation, Renounce Religion, Minor Destruction, Lesser Servant of
Makhleb, Major Destruction, Greater Servant of Makhleb


You were in the Dungeon.
You worshipped Makhleb.
Makhleb was exalted by your worship.
You were an undead lich.
You visited 1 branch

Inventory:

Hand Weapons
 d - the +∞ Axe of Woe (weapon)
   (You found it in the Dungeon)
Missiles
 c - 7 boomerangs of dispersal
Armour
 a - a +0 leather armour (worn)
Jewellery
 b - a +30 ring of slaying
 e - a ring of see invisible (left hand)
 i - a +100 ring of slaying
 j - a +100 ring of slaying
 k - a +100 ring of slaying
 l - a +30 ring of slaying
 m - a +30 ring of slaying
Potions
 f - a potion of heal wounds {@q2}
 g - a potion of berserk rage
 h - a potion of haste {@q3}
 q - a potion of curing {@q1}


   Skills:
 O Level 27 Fighting
 O Level 27 Short Blades
 O Level 27 Long Blades
 O Level 27 Axes
 O Level 27 Maces & Flails
 O Level 27 Polearms
 O Level 27 Staves
 O Level 27 Ranged Weapons
 O Level 27 Throwing
 O Level 27 Armour
 O Level 27 Dodging
 O Level 27 Stealth
 O Level 27 Shields
 O Level 27 Unarmed Combat
 O Level 27 Spellcasting
 O Level 27 Invocations
 O Level 27 Evocations


You couldn't memorise any spells.
You knew the following spells:

 Your Spells              Type           Power      Damage    Failure   Level
a - Blink                 Tloc           100%       N/A       0%          2
b - Lesser Beckoning      Tloc           100%       N/A       0%          3
c - Gell's Gravitas       Tloc           100%       N/A       0%          3
d - Teleport Other        Tloc           100%       N/A       0%          3
e - Manifold Assault      Tloc           100%       N/A       0%          5
f - Sandblast             Erth           100%       2d20      0%          1
g - Poisonous Vapours     Pois/Air       100%       N/A       0%          2
h - Summon Guardian Gole  Hex/Summ       100%       N/A       0%          3
i - Anguish               Hex/Necr       64%        N/A       0%          4
j - Dispel Undead         Necr           100%       3d31      0%          4
k - Lightning Bolt        Conj/Air       53%        1d74      0%          5
l - Starburst             Conj/Fire      53%        6d14      0%          6
m - Malign Gateway        Summ/Tloc      53%        N/A       0%          7
n - Dispersal             Tloc           53%        N/A       0%          6
o - Monstrous Menagerie   Summ           53%        N/A       0%          7
p - Discord               Hex            53%        N/A       1%          8
r - Chain Lightning       Conj/Air       53%        3d70      1%          9
z - Necromutation         Tmut/Necr      64%        N/A       1%          8
Your spell library was empty.

Dungeon Overview and Level Annotations

Branches:
Dungeon (1/1)

Altars:
Makhleb


Innate Abilities, Weirdness & Mutations

You are an undead lich.
Your unarmed attacks are suffused with negative energy.
You are immune to unholy pain and torment.
Your necromantic spells are more powerful.
You cannot drink.
You are flying.
You are immune to sickness and miasma.
You are immune to poison.
Your flesh is very heat resistant. (rF++)
You are vulnerable to cold. (rC-)
You float through the air rather than walking.
You learn spells naturally, not from books.
Your magical power is your life essence.
You have superior vitality. (+4 MHP)


Message History

You dissect the fleshlord like a pig carcass.
You kill the fleshlord!
Makhleb accepts your kill.
You hit the observer but do no damage.
You slaughter the observer joyfully.
You kill the observer!
Makhleb accepts your kill.
You slash the meat berserker!
You slaughter the meat berserker joyfully.
You kill the meat berserker!
Makhleb accepts your kill.
The scourge appears out of thin air!
A scourge comes into view.
The meat beast bites you! The meat beast tramples you.
You hold your ground!
The dread throws damnation at you.
The sphere of damnation explodes!
The damnation engulfs you!!
The damnation engulfs the meat beast!
The dread throws damnation at you.
The sphere of damnation explodes!
The damnation engulfs you!!
The damnation engulfs the meat beast!!
A bag of meat comes into view. It is wielding a +9 war axe. x3
You convulse!
Ouch! That really hurt!
* * * LOW HITPOINT WARNING * * *
The observer gazes at you. Something smites you!
* * * LOW HITPOINT WARNING * * *
The observer gazes at you. Something smites you!
* * * LOW HITPOINT WARNING * * *
A sculptor of flesh comes into view. It is wielding a +9 great sword.
You hear a shout!
The fleshlord gestures wildly while chanting.
The fleshlord seems to speed up.
You hear a shout!
The fleshlord gestures wildly while chanting.
The fleshlord seems to speed up.
A fleshlord comes into view. It is wielding a +9 great mace.
The destroyer casts a spell at you.
The destroyer blinks!
You convulse!
You die...

W......)) )p
#.......#GOS
#......)#p)p
).)###....)†)Wo#o.o
)))†)S))#..))o).)§L
#))))...._))2).§.XV
.....)#).)))#o.o.)L
..†))W.S)L)_oDzW))o
).o)W.#.S.2W#WSS..§
#.)...†9W_.)o.o.z..
..†...))##...§oo)§.
.).##.)...G.V###o..
..))D#.))))).#.)).
..)..#W[)))).#).).
..)).)).)))))))..)°
..))...).)))).)).#)


You could see 2 meat beasts, 2 eight-headed meat hydras, a destroyer, 2
observers, 6 scourges, 3 fleshlords, 2 sculptors of flesh, 5 dreads, a vile
(fast), a meat berserker (berserk), 4 wretched souls and 12 bags of meat.

Vanquished Creatures
  10 molten gargoyles (D)
  Dispater (D)
  35 hell knights (D)
  Sigmund (D)
  22 hell beasts (D)
  Edmund (D)
  11 royal mummies (D)
  26 great orbs of eyes (D)
  25 wraiths (D)
  Harold (D)
  24 vampire knights (D)
  64 ogres (D)
  15 two-headed ogres (D)
  13 liches (D)
  32 hydras (D)
  27 phantoms (D)
  100 orcs (D)
  15 skeletal warriors (D)
  23 sea snakes (D)
  An Orb Guardian (D)
  A daeva (D)
448 creatures vanquished.

Notes
Turn   | Place    | Note
-------+----------+-------------------------------------------
     0 | D        | Found the +∞ Axe of Woe
     0 | D        | Ofeo the Djinni Warper began the quest for the Orb.
     0 | D        | Ofeo set off with the following spells memorised: Blink,
                  | Lesser Beckoning, Gell's Gravitas, Teleport Other, Manifold
                  | Assault.
     0 | D        | Reached XP level 1. HP: 18/18 MP: 0/0
     2 | D        | Noticed a bag of meat
     3 | D        | Became a worshipper of Makhleb the Destroyer
     5 | D        | Noticed a bag of meat
     5 | D        | Noticed a bag of meat
     6 | D        | Noticed a bag of meat
     6 | D        | Noticed a meat berserker
     6 | D        | Noticed a bag of meat
     7 | D        | Noticed a bag of meat
     7 | D        | Noticed a bag of meat
     7 | D        | Noticed a bag of meat
     7 | D        | Noticed a bag of meat
     8 | D        | Noticed a meat berserker
     8 | D        | Noticed a bag of meat
     8 | D        | Noticed a bag of meat
     8 | D        | Noticed a large bag of meat
     8 | D        | Noticed a bag of meat
     9 | D        | Killed a bag of meat
    10 | D        | Reached XP level 2. HP: 23/23 MP: 0/0
    10 | D        | Reached XP level 3. HP: 28/28 MP: 0/0
    10 | D        | Learned a level 1 spell: Sandblast
    10 | D        | Reached XP level 4. HP: 33/33 MP: 0/0
    10 | D        | Reached XP level 5. HP: 38/38 MP: 0/0
    10 | D        | Learned a level 2 spell: Poisonous Vapours
    10 | D        | Reached XP level 6. HP: 43/43 MP: 0/0
    10 | D        | Reached XP level 7. HP: 49/49 MP: 0/0
    10 | D        | Learned a level 3 spell: Summon Guardian Golem
    10 | D        | Reached XP level 8. HP: 54/54 MP: 0/0
    10 | D        | Reached XP level 9. HP: 58/58 MP: 0/0
    10 | D        | Learned a level 4 spell: Anguish
    10 | D        | Reached XP level 10. HP: 64/64 MP: 0/0
    10 | D        | Reached XP level 11. HP: 68/68 MP: 0/0
    10 | D        | Learned a level 4 spell: Dispel Undead
    10 | D        | Killed a bag of meat
    10 | D        | Reached * piety under Makhleb
    10 | D        | Killed a bag of meat
    10 | D        | Noticed a bag of meat
    10 | D        | Noticed a bag of meat
    11 | D        | Reached XP level 12. HP: 74/74 MP: 0/0
    11 | D        | Reached XP level 13. HP: 78/78 MP: 0/0
    11 | D        | Learned a level 5 spell: Lightning Bolt
    11 | D        | Killed a meat berserker
    11 | D        | Killed a bag of meat
    11 | D        | Reached ** piety under Makhleb
    11 | D        | Killed a bag of meat
    11 | D        | Noticed a bag of meat
    12 | D        | Reached skill level 27 in Axes
    12 | D        | Reached XP level 14. HP: 128/128 MP: 0/0
    12 | D        | Killed a meat berserker
    12 | D        | Killed a bag of meat
    12 | D        | Reached *** piety under Makhleb
    13 | D        | Reached skill level 27 in Fighting
    13 | D        | Reached XP level 15. HP: 147/147 MP: 0/0
    13 | D        | Learned a level 6 spell: Starburst
    13 | D        | Reached **** piety under Makhleb
    13 | D        | Noticed a meat berserker
    14 | D        | Reached XP level 16. HP: 154/154 MP: 0/0
    14 | D        | Noticed a meat berserker
    14 | D        | Noticed a meat berserker
    15 | D        | Reached XP level 17. HP: 160/160 MP: 0/0
    15 | D        | Learned a level 7 spell: Malign Gateway
    15 | D        | Reached ***** piety under Makhleb
    16 | D        | Noticed a meat berserker
    17 | D        | Killed a meat berserker
    18 | D        | Reached skill level 27 in Spellcasting
    18 | D        | Reached XP level 18. HP: 167/167 MP: 0/0
    18 | D        | Killed a meat berserker
    18 | D        | Killed a meat berserker
    18 | D        | Reached ****** piety under Makhleb
    19 | D        | Reached XP level 19. HP: 174/174 MP: 0/0
    19 | D        | Learned a level 6 spell: Dispersal
    19 | D        | Killed a large bag of meat
    19 | D        | Noticed a meat berserker
    19 | D        | Noticed a meat berserker
    19 | D        | Noticed a large bag of meat
    20 | D        | Noticed a large bag of meat
    20 | D        | Noticed a meat berserker
    21 | D        | Noticed a destroyer
    21 | D        | Killed a destroyer
    21 | D        | Killed a large bag of meat
    21 | D        | Noticed a meat berserker
    22 | D        | Reached skill level 27 in Stealth
    22 | D        | Reached XP level 20. HP: 176/181 MP: 0/0
    22 | D        | Killed a meat berserker
    22 | D        | Noticed a meat berserker
    23 | D        | Reached skill level 5 in Armour
    23 | D        | Reached skill level 5 in Invocations
    23 | D        | Killed a meat berserker
    23 | D        | Noticed a destroyer
    24 | D        | Killed a large bag of meat
    24 | D        | Killed a destroyer
    24 | D        | Noticed a large bag of meat
    25 | D        | Reached skill level 10 in Maces & Flails
    25 | D        | Reached skill level 10 in Polearms
    25 | D        | Reached skill level 10 in Throwing
    25 | D        | Reached XP level 21. HP: 181/187 MP: 0/0
    25 | D        | Learned a level 7 spell: Monstrous Menagerie
    25 | D        | Noticed a meat berserker
    25 | D        | Noticed a large bag of meat
    25 | D        | Noticed a large bag of meat
    26 | D        | Killed a meat berserker
    27 | D        | Reached skill level 15 in Dodging
    27 | D        | Reached skill level 27 in Unarmed Combat
    27 | D        | Killed a meat berserker
    27 | D        | Killed a meat berserker
    27 | D        | Killed a meat berserker
    28 | D        | Reached XP level 22. HP: 194/194 MP: 0/0
    28 | D        | Noticed a large bag of meat
    29 | D        | Reached skill level 15 in Maces & Flails
    29 | D        | Noticed an eight-headed meat hydra
    29 | D        | Killed a meat berserker
    29 | D        | Noticed a large bag of meat
    31 | D        | Killed a large bag of meat
    31 | D        | Killed a nine-headed meat hydra
    32 | D        | Reached XP level 23. HP: 185/201 MP: 0/0
    32 | D        | Learned a level 8 spell: Discord
    32 | D        | Killed a large bag of meat
    35 | D        | Noticed The Servant
    37 | D        | Killed a large bag of meat
    37 | D        | Killed a large bag of meat
    38 | D        | Reached XP level 24. HP: 184/208 MP: 0/0
    38 | D        | Killed a large bag of meat
    40 | D        | Reached skill level 27 in Dodging
    41 | D        | Killed The Servant
    42 | D        | Reached skill level 27 in Armour
    42 | D        | Reached skill level 27 in Invocations
    42 | D        | Reached XP level 25. HP: 210/214 MP: 0/0
    42 | D        | Learned a level 8 spell: Necromutation
    47 | D        | Noticed an accursed
    47 | D        | Killed an accursed
    48 | D        | Reached skill level 27 in Maces & Flails
    48 | D        | Reached skill level 27 in Polearms
    48 | D        | Reached skill level 27 in Throwing
    49 | D        | Noticed a tyrant
    50 | D        | Killed a tyrant
    51 | D        | Reached skill level 10 in Shields
    51 | D        | Reached skill level 10 in Evocations
    51 | D        | Noticed a tyrant
    51 | D        | Killed a tyrant
    52 | D        | Reached skill level 10 in Short Blades
    52 | D        | Reached skill level 10 in Long Blades
    52 | D        | Reached skill level 10 in Staves
    52 | D        | Reached XP level 26. HP: 221/221 MP: 0/0
    58 | D        | Noticed an accursed
    59 | D        | Killed an accursed
    61 | D        | Noticed a meat beast
    62 | D        | Killed a meat beast
    63 | D        | Reached XP level 27. HP: 228/228 MP: 0/0
    63 | D        | Learned a level 9 spell: Chain Lightning
    64 | D        | Noticed a meat beast
    64 | D        | Killed a meat beast
    66 | D        | Noticed a dread
    66 | D        | Killed a dread
    71 | D        | Noticed a dread
    71 | D        | Killed a dread
    72 | D        | Noticed a meat beast
    72 | D        | Noticed a meat beast
    73 | D        | Killed a meat beast
    73 | D        | Killed a meat beast
    74 | D        | Reached skill level 27 in Short Blades
    74 | D        | Reached skill level 27 in Long Blades
    74 | D        | Reached skill level 27 in Staves
    74 | D        | Reached skill level 27 in Ranged Weapons
    74 | D        | Reached skill level 27 in Shields
    74 | D        | Reached skill level 27 in Evocations
    91 | D        | Noticed a tyrant
    92 | D        | Killed a tyrant
    92 | D        | Noticed a large bag of meat
    93 | D        | Killed a large bag of meat
    94 | D        | Noticed a destroyer
    95 | D        | Killed a destroyer
    98 | D        | Noticed a tyrant
    99 | D        | Noticed The Defiler
    99 | D        | Killed a tyrant
    99 | D        | Killed The Defiler
   100 | D        | Noticed a meat beast
   100 | D        | Noticed an accursed
   101 | D        | Killed a meat beast
   101 | D        | Noticed a meat beast
   102 | D        | Killed an accursed
   102 | D        | Killed a meat beast
   102 | D        | Noticed a meat beast
   102 | D        | Noticed a dread
   102 | D        | Noticed a destroyer
   103 | D        | Killed a destroyer
   103 | D        | Killed a dread
   103 | D        | Killed a meat beast
   104 | D        | Noticed a meat beast
   105 | D        | Noticed an accursed
   105 | D        | Noticed a tyrant
   105 | D        | Noticed a destroyer
   106 | D        | Killed an accursed
   106 | D        | Noticed a meat beast
   107 | D        | Killed a meat beast
   108 | D        | Killed a destroyer
   108 | D        | Noticed a meat beast
   108 | D        | Noticed a dread
   108 | D        | Noticed a dread
   108 | D        | Noticed a tyrant
   109 | D        | Noticed a destroyer
   109 | D        | Noticed a tyrant
   109 | D        | Noticed a large bag of meat
   109 | D        | Noticed a dread
   110 | D        | Noticed a destroyer
   110 | D        | Noticed The Captor
   111 | D        | Noticed a dread
   111 | D        | Killed a dread
   114 | D        | Killed a meat beast
   114 | D        | Killed a destroyer
   116 | D        | Noticed an accursed
   116 | D        | Noticed a tyrant
   118 | D        | HP: 11/228 [??? (9)]
   120 | D        | Killed a meat beast
   121 | D        | Killed The Captor
   122 | D        | Noticed a fleshlord
   122 | D        | Killed a large bag of meat
   123 | D        | Killed a dread
   123 | D        | Killed a tyrant
   124 | D        | Noticed a fleshlord
   124 | D        | Killed a fleshlord
   124 | D        | Killed a fleshlord
   125 | D        | Killed a destroyer
   125 | D        | Noticed a fleshlord
   126 | D        | Killed a fleshlord
   127 | D        | Killed a tyrant
   128 | D        | Killed a dread
   128 | D        | Noticed a dread
   129 | D        | Killed a tyrant
   129 | D        | Killed a dread
   129 | D        | Killed an accursed
   130 | D        | Noticed an accursed
   131 | D        | Killed a tyrant
   131 | D        | Killed an accursed
   133 | D        | Noticed a fleshlord
   133 | D        | Killed a fleshlord
   135 | D        | Noticed a destroyer
   136 | D        | Killed a destroyer
   138 | D        | Noticed a dread
   138 | D        | Killed a dread
   138 | D        | Noticed a destroyer
   139 | D        | Killed a destroyer
   139 | D        | Noticed a tyrant
   139 | D        | Noticed a large bag of meat
   140 | D        | Killed a tyrant
   140 | D        | Killed a large bag of meat
   140 | D        | Noticed a destroyer
   140 | D        | Noticed a destroyer
   141 | D        | Killed a destroyer
   141 | D        | Killed a destroyer
   142 | D        | Noticed a dread
   145 | D        | Noticed a fleshlord
   145 | D        | Killed a dread
   145 | D        | Killed a fleshlord
   145 | D        | Noticed a large bag of meat
   147 | D        | Noticed a fleshlord
   148 | D        | Killed a large bag of meat
   148 | D        | Killed a fleshlord
   153 | D        | Noticed a meat beast
   154 | D        | Killed a meat beast
   156 | D        | Noticed a meat beast
   156 | D        | Killed a meat beast
   157 | D        | Noticed a fleshlord
   159 | D        | Noticed a meat beast
   159 | D        | Killed a meat beast
   160 | D        | Noticed a destroyer
   161 | D        | Killed a destroyer
   164 | D        | Killed a fleshlord
   164 | D        | Noticed a destroyer
   165 | D        | Killed a destroyer
   168 | D        | Noticed a fleshlord
   168 | D        | Killed a fleshlord
   169 | D        | Noticed a meat beast
   170 | D        | Noticed an accursed
   170 | D        | Noticed a dread
   171 | D        | Killed an accursed
   171 | D        | Killed a dread
   172 | D        | Noticed The Meatlord
   172 | D        | Noticed an accursed
   173 | D        | Killed The Meatlord
   173 | D        | Killed an accursed
   174 | D        | Got the Orb of Zot
   174 | D        | Noticed an accursed
   174 | D        | Noticed a meat beast
   175 | D        | Killed an accursed
   177 | D        | Killed a meat beast
   177 | D        | Noticed a fleshlord
   178 | D        | Killed a fleshlord
   179 | D        | Noticed a large bag of meat
   179 | D        | Noticed a fleshlord
   179 | D        | Noticed a dread
   180 | D        | Killed a meat beast
   180 | D        | Noticed a fleshlord
   180 | D        | Noticed a fleshlord
   181 | D        | Noticed a fleshlord
   181 | D        | Killed a fleshlord
   181 | D        | Killed a dread
   182 | D        | Killed a fleshlord
   182 | D        | Killed a fleshlord
   183 | D        | Noticed a large bag of meat
   185 | D        | Killed a fleshlord
   185 | D        | Noticed a fleshlord
   186 | D        | Killed a fleshlord
   187 | D        | Noticed a meat beast
   188 | D        | Killed a large bag of meat
   188 | D        | Noticed a fleshlord
   189 | D        | Killed a large bag of meat
   190 | D        | Killed a meat beast
   190 | D        | Noticed a meat beast
   192 | D        | Killed a fleshlord
   192 | D        | Killed a meat beast
   192 | D        | Noticed a fleshlord
   192 | D        | Noticed a meat beast
   193 | D        | Noticed a fleshlord
   194 | D        | Killed a fleshlord
   194 | D        | Noticed a fleshlord
   195 | D        | Killed a fleshlord
   195 | D        | Killed a fleshlord
   195 | D        | Killed a meat beast
   195 | D        | Noticed a dread
   196 | D        | Killed a dread
   196 | D        | Noticed a destroyer
   196 | D        | Noticed a fleshlord
   197 | D        | Noticed a dread
   197 | D        | Killed a destroyer
   197 | D        | Killed a fleshlord
   197 | D        | Noticed a dread
   197 | D        | Noticed a destroyer
   198 | D        | Killed a dread
   198 | D        | Noticed a fleshlord
   198 | D        | Noticed a fleshlord
   199 | D        | Killed a fleshlord
   199 | D        | Killed a fleshlord
   199 | D        | Killed a destroyer
   199 | D        | Noticed a dread
   199 | D        | Noticed a fleshlord
   200 | D        | Killed a dread
   200 | D        | Killed a fleshlord
   200 | D        | Killed a dread
   200 | D        | Noticed a fleshlord
   200 | D        | Noticed a dread
   200 | D        | Noticed a fleshlord
   201 | D        | Noticed a fleshlord
   201 | D        | Killed a dread
   203 | D        | Killed a fleshlord
   203 | D        | Killed a fleshlord
   203 | D        | Killed a fleshlord
   203 | D        | Noticed a large bag of meat
   204 | D        | Killed a large bag of meat
   204 | D        | Noticed a fleshlord
   205 | D        | Killed a fleshlord
   205 | D        | Noticed a tyrant
   205 | D        | Noticed a vile
   206 | D        | Killed a tyrant
   206 | D        | Killed a vile
   207 | D        | Noticed a destroyer
   208 | D        | Killed a destroyer
   208 | D        | Noticed a vile
   209 | D        | Killed a vile
   209 | D        | Noticed a vile
   209 | D        | Noticed a fleshlord
   209 | D        | Noticed a vile
   209 | D        | Noticed an accursed
   210 | D        | Killed an accursed
   210 | D        | Killed a fleshlord
   210 | D        | Killed a vile
   210 | D        | Noticed a tyrant
   210 | D        | Noticed a destroyer
   211 | D        | Noticed a vile
   211 | D        | Killed a vile
   211 | D        | Killed a destroyer
   211 | D        | Noticed a meat beast
   211 | D        | Noticed a meat beast
   211 | D        | Noticed a dread
   213 | D        | Killed a dread
   213 | D        | Killed a meat beast
   214 | D        | Killed a tyrant
   215 | D        | Killed a meat beast
   217 | D        | Noticed a vile
   217 | D        | Killed a vile
   218 | D        | Noticed a tyrant
   219 | D        | Killed a vile
   221 | D        | Noticed a fleshlord
   221 | D        | Killed a fleshlord
   222 | D        | Noticed a fleshlord
   223 | D        | Killed a fleshlord
   225 | D        | Noticed a dread
   225 | D        | Killed a dread
   230 | D        | Noticed a fleshlord
   231 | D        | Killed a fleshlord
   231 | D        | Noticed a fleshlord
   231 | D        | Noticed a dread
   232 | D        | Killed a tyrant
   232 | D        | Killed a dread
   232 | D        | Killed a dread
   232 | D        | Noticed a meat beast
   232 | D        | Noticed a meat beast
   232 | D        | Noticed a destroyer
   232 | D        | Noticed a destroyer
   233 | D        | Killed a destroyer
   233 | D        | Killed a destroyer
   233 | D        | Noticed a destroyer
   234 | D        | Killed a meat beast
   234 | D        | Killed a destroyer
   234 | D        | Killed a fleshlord
   234 | D        | Noticed a dread
   234 | D        | Noticed an accursed
   234 | D        | Noticed a fleshlord
   235 | D        | Noticed a vile
   235 | D        | Noticed a vile
   235 | D        | Killed a vile
   235 | D        | Killed a fleshlord
   235 | D        | Noticed a dread
   236 | D        | Noticed a destroyer
   236 | D        | Killed a destroyer
   236 | D        | Killed a vile
   236 | D        | Noticed a destroyer
   236 | D        | Noticed a destroyer
   236 | D        | Noticed a fleshlord
   236 | D        | Noticed a tyrant
   236 | D        | Noticed a dread
   237 | D        | Killed a fleshlord
   237 | D        | Killed an accursed
   237 | D        | Noticed a dread
   237 | D        | Noticed a fleshlord
   238 | D        | Killed a fleshlord
   239 | D        | Killed a destroyer
   239 | D        | Killed a dread
   239 | D        | Killed a dread
   239 | D        | Noticed a vile
   239 | D        | Noticed a dread
   239 | D        | Noticed a fleshlord
   240 | D        | Killed a dread
   240 | D        | Killed a destroyer
   240 | D        | Noticed a dread
   241 | D        | Killed a tyrant
   242 | D        | Noticed a vile
   242 | D        | Killed a dread
   242 | D        | Killed a vile
   242 | D        | Killed a dread
   242 | D        | Noticed a dread
   242 | D        | Noticed a destroyer
   243 | D        | Killed a destroyer
   243 | D        | Noticed a meat beast
   243 | D        | Noticed a destroyer
   243 | D        | Noticed a fleshlord
   243 | D        | Noticed a dread
   245 | D        | Noticed a vile
   245 | D        | Killed a vile
   245 | D        | Noticed a dread
   245 | D        | Noticed a dread
   245 | D        | Noticed a fleshlord
   246 | D        | Killed a fleshlord
   246 | D        | HP: 10/228 [observer/divine providence (13)]
   246 | D        | HP: 3/228 [observer/divine providence (7)]
   246 | D        | Noticed a fleshlord
   246 | D        | Killed from afar by a wretched soul

Illustrated notes

Levels and vault maps discovered:
D:        meatsprint

Skill      XL: |  1  2  3  4  5  6  7  8  9 10 11 12 13 14 15 16 17 18 19 20 21 22 23 24 25 26 27 |
---------------+----------------------------------------------------------------------------------+-----
Axes           | 21 26 27 | 27.0
Fighting       | 21 27 | 27.0
Spellcasting   | 3 14 19 27 | 27.0
Stealth        | 9 22 27 | 27.0
Unarmed Combat | 24 26 27 | 27.0
Maces & Flails | 10 14 18 21 25 27 | 27.0
Polearms       | 10 14 18 20 25 27 | 27.0
Throwing       | 10 14 18 20 25 27 | 27.0
Armour         | 12 17 21 24 27 | 27.0
Dodging        | 13 18 23 26 27 | 27.0
Invocations    | 12 17 21 24 27 | 27.0
Short Blades   | 10 17 27 | 27.0
Long Blades    | 10 17 27 | 27.0
Staves         | 10 17 27 | 27.0
Ranged Weapons | 9 16 27 | 27.0
Shields        | 11 18 27 | 27.0
Evocations     | 11 18 27 | 27.0

Action                   |  1- 3 |  4- 6 |  7- 9 | 10-12 | 13-15 | 16-18 | 19-21 | 22-24 | 25-27 || total
-------------------------+-------+-------+-------+-------+-------+-------+-------+-------+-------++-------
Melee: Executioner's axe |     1 |       |       |     1 |     3 |    11 |    12 |    21 |   387 ||   436
 Cast: Manifold Assault  |       |       |       |       |       |     3 |     2 |     3 |   140 ||   148
       Necromutation     |       |       |       |       |       |       |       |       |     2 ||     2
  Use: Scroll            |       |       |       |       |       |       |       |       |     2 ||     2
Armor: Leather armour    |       |       |       |       |       |       |       |       |     2 ||     2
Dodge: Dodged            |       |       |       |       |       |       |       |       |    10 ||    10
